 Dungeon Crawl Stone Soup version 0.31-a0-963-ga325b2283a (webtiles) character file.

Game seed: 14875322756653557850

132 LeprechaunX the Changeling (level 5, -2/34 HPs)
             Began as an Octopode Shapeshifter on Oct 24, 2023.
             Slain by an iguana (5 damage)
             ... on level 3 of the Dungeon.
             The game lasted 00:02:38 (2329 turns).

LeprechaunX the Changeling (Octopode Shapeshifter)  Turns: 2329, Time: 00:02:39

Health: -2/34      AC:  1    Str: 15    XL:     5   Next: 15%
Magic:  5/5        EV: 13    Int: 12    God:
Gold:   128        SH:  0    Dex: 12    Spells: 4/4 levels left

rFire   + .          .
                       - Unarmed
rCold   . . .        (no shield)
rNeg    . . .        (helmet currently unavailable)
rPois   .            (no amulet)
rElec   .            g - ring of protection from cold
rCorr   .            n - ring of willpower
SInv    .            q - ring of fire
Will    +....        (no ring)
Stlth   ++           (no ring)
HPRegen 0.25/turn    (no ring)
MPRegen 0.09/turn    (no ring)
                     (no ring)

%: no passive effects
@: beast-form
A: beast (slay +2), almost no armour, amphibious, 8 rings, camouflage 1,
gelatinous body 1, (nimble swimmer 1), tentacles
a: Begin Untransformation


You were on level 3 of the Dungeon.
You were a hulking beast.
You visited 1 branch of the dungeon, and saw 4 of its levels.

You collected 128 gold pieces.

Inventory:

Missiles
 o - a boomerang
Jewellery
 g - a ring of protection from cold (left tentacle)
 j - a ring of magical power
 n - a ring of willpower (right tentacle)
 q - a ring of fire (on tentacle)
Talismans
 b - a beast talisman
 c - a flux talisman
Wands
 k - a wand of mindburst (15)
Scrolls
 e - a scroll of torment {unknown}
 l - a scroll of revelation {unknown}
 m - a scroll of amnesia {unknown}
 r - 3 scrolls of identify {unknown}
 s - 2 scrolls of immolation {unknown}
Potions
 a - 2 potions of lignification
 d - a potion of might {unknown}
 f - a potion of enlightenment {unknown}
 h - a potion of degeneration {unknown}
 i - 3 potions of brilliance {unknown}
 p - a potion of resistance {unknown}


   Skills:
 + Level 2.2 Fighting
 + Level 2.8 Dodging
 + Level 3.6 Unarmed Combat
 * Level 4.1 Shapeshifting


You had 4 spell levels left.
You didn't know any spells.
Your spell library was empty.

Dungeon Overview and Level Annotations

Branches:
Dungeon (4/15)
 Temple: D:4-7

Altars:

Shops:
D:3 (


Innate Abilities, Weirdness & Mutations

You are a hulking beast.
Your limbs bulge with bestial killing power. (Slay +2)
You cannot wear most types of armour.
You are amphibious.
You can wear up to eight rings at the same time.
Your skin changes colour to match your surroundings (Stealth+).
Your rubbery body absorbs attacks. (AC +1, EV +1)
((You are camouflaged when in or above water. (Stealth+)))
You have tentacles for arms and can constrict up to eight enemies at once.


Message History

Found 2 potions of lignification.
Found a stone staircase leading down and a stone staircase leading up.
There is a stone staircase leading up here.
There are monsters nearby!
A black bear comes into view.
The iguana hisses angrily.
The black bear growls angrily.
An adder comes into view.
An orc wizard comes into view. It is wielding a +0 dagger.
The orc wizard shouts!
The orc wizard casts a spell at you. The puff of flame hits you. You resist.
The adder hisses angrily.
The iguana bites you!
There is a stone staircase leading up here.
The iguana bites you.
You climb upwards.
There is a stone staircase leading down here.
You closely miss the iguana. You grab the iguana. You squeeze the iguana.
The iguana is lightly wounded.
You constrict the iguana.
You tentacle-slap the iguana but do no damage.
You tentacle-slap the iguana.
You squeeze the iguana, but do no damage.
The iguana is moderately wounded.
You constrict the iguana, but do no damage.
The iguana bites you!
* * * LOW HITPOINT WARNING * * *
You tentacle-slap the iguana.
The iguana is moderately wounded.
You constrict the iguana. The iguana barely misses you.
You tentacle-slap the iguana but do no damage.
The iguana is moderately wounded.
You constrict the iguana. The iguana bites you.
* * * LOW HITPOINT WARNING * * *
You tentacle-slap the iguana.
The iguana is heavily wounded.
You constrict the iguana, but do no damage.
The iguana bites you.
You die...

...##### #...# [..# #...# ...#
#####..# ...# #......######
...# #......##...# ####
#......##...# #####..##...#
#.......# ##h##...## #l##....#
#.##....# #.##....#
###########.##....#
#...#.......##....# ######
#.#.#.#########.### #....#
######.#.#.#....#..#.# #.##.#
.........#....#.#..#.#####.##.#


You could see an iguana.

Vanquished Creatures
  An orc wizard (D:3)
  4 adders
  2 worms
  A dart slug (D:2)
  8 orcs (D:3)
  An endoplasm (D:1)
  2 giant cockroaches (D:3)
  3 goblins
  2 hobgoblins (D:1)
  4 jackals (D:2)
  2 quokkas (D:1)
  6 ball pythons
  8 bats
  7 frilled lizards
  4 kobolds (D:1)
  2 rats
57 creatures vanquished.

Notes
Turn   | Place    | Note
-------+----------+-------------------------------------------
     0 | D:1      | LeprechaunX the Octopode Shapeshifter began the quest for
                  | the Orb.
     0 | D:1      | Reached XP level 1. HP: 13/13 MP: 1/1
   109 | D:1      | Reached XP level 2. HP: 17/18 MP: 2/2
   775 | D:2      | Reached XP level 3. HP: 23/23 MP: 3/3
   980 | D:2      | Reached XP level 4. HP: 27/29 MP: 4/4
  1711 | D:3      | Found Qeashurr's Weapon Boutique.
  2039 | D:3      | Found a faded altar of an unknown god.
  2057 | D:3      | Reached skill level 4 in Shapeshifting
  2057 | D:3      | Reached XP level 5. HP: 15/34 MP: 5/5
  2317 | D:4      | Noticed a black bear
  2329 | D:3      | Slain by an iguana

Illustrated notes

Levels and vault maps discovered:
D:1:      dpeg_arrival_windows_large_door, layout_basic
D:2:      layout_loops_cross, nrook_mini_vaults, hangedman_decor_slide_cut
D:3:      layout_basic, serial_shops, nicolae_shop_bloodbath_and_beyond,
          shapermc_ecumenical_altar_notcrosses
D:4:      layout_cave_pods, minmay_quadrilaterals

Skill      XL: |  1  2  3  4 |
---------------+-------------+-----
Fighting       | 2 |  2.2
Shapeshifting  | 4 |  4.1
Dodging        | |  2.8
Unarmed Combat | |  3.6

Action                     |  1- 3 |  4- 6 || total
---------------------------+-------+-------++-------
  Melee: Unarmed           |    48 |    59 ||   107
         Constrict         |    16 |    15 ||    31
         Tentacles         |     7 |    14 ||    21
         Punch             |     2 |     1 ||     3
   Stab: Sleeping          |     9 |     5 ||    14
 Armour: Skin              |     9 |    27 ||    36
  Dodge: Dodged            |    16 |    25 ||    41

Table legend: (Time is in decaauts)
 A = Elapsed time spent in this place.
 B = Non-inter-level travel time spent in this place.
 C = Inter-level travel time spent in this place.
 D = Time resting spent in this place.
 E = Time spent auto-exploring this place.
 F = Levels seen in this place.
 G = Mean time per level.
                   A        B        C        D        E       F      G
               +--------+--------+--------+--------+--------+-----+--------+
         Total |   2320 |   2241 |     79 |      0 |   1907 |   4 |  580.0 |
       Dungeon |   2320 |   2241 |     79 |      0 |   1907 |   4 |  580.0 |
               +--------+--------+--------+--------+--------+-----+--------+

Top non-repeatable levels by time:
     D:3: 975 daAuts
     D:1: 766 daAuts
     D:2: 571 daAuts
     D:4: 7 daAuts
